AoeStats
← Alleggs

Arena

510864343Analyzed
3v3 RM · 19h ago on Oct 2, 2026· 30m 41s· 6 players
Game mode
Random Map
Map size
Normal (6 player)
Population
200
Speed
Normal
Resources
Standard
Victory
Conquest
Starting age
Dark Age
Ending age
Imperial Age
RankedLock teamsTeams togetherTeam positionsShared explorationLock speedFull tech treeHidden civsTurbo modeCheats
Victory
Defeat
🇲🇽 Persians · Mexico
976
+13
🇺🇸 Saracens · United States
865
+17
🇪🇸 Bohemians · Spain
855
+18
🇩🇪 Tatars · Germany
990
-58
🇳🇿 Burgundians · New Zealand
952
-18
🇺🇸 Goths · United States
748
-10
PFTBaller
0:27 Loom
11:09 Feudal Age
18:48 Castle Age
17:51 Fletching
20:19 Thumb Ring
19:37 Crossbowman
22:10 Wheelbarrow
22:52 Gambesons
23:33 Pikeman
24:00 Arson
24:23 Padded Archer Armor
26:33 Horse Collar
26:47 Double-Bit Axe
27:39 Heavy Plow
collado
11:57 Feudal Age
16:02 Castle Age
18:16 Horse Collar
19:00 Double-Bit Axe
20:13 Loom
20:32 Heavy Plow
20:55 Bow Saw
23:43 Pikeman
24:23 Squires
27:04 Forging
26:54 Scale Mail Armor
Barbeituss
10:18 Feudal Age
14:15 Castle Age
12:17 Double-Bit Axe
26:31 Scale Mail Armor
Piping Hot Monkey Toilet
0:29 Loom
14:30 Feudal Age
15:56 Wheelbarrow
15:03 Horse Collar
15:12 Double-Bit Axe
22:46 Castle Age
21:30 Man-at-Arms
24:37 Squires
25:15 Bow Saw
25:00 Gold Mining
25:04 Stone Mining
25:29 Heavy Plow
30:26 Ballistics
30:02 Murder Holes
30:28 Masonry
DonaldTrumpet
3:41 Double-Bit Axe
3:53 Loom
11:29 Feudal Age
12:34 Bow Saw
15:50 Castle Age
13:43 Horse Collar
14:52 Heavy Plow
16:42 Gold Mining
27:54 Stone Mining
Alleggs
7:39 Loom
9:43 Feudal Age
10:29 Double-Bit Axe
10:34 Horse Collar
18:09 Castle Age
19:32 Stone Mining
20:22 Scale Barding Armor
20:29 Forging
21:17 Heavy Plow
26:01 Fletching
27:42 Bow Saw
Connection lost

Rejoining the realm…

Still unreachable

The connection could not be restored.

Session expired

The server has moved on; the page needs a fresh start.